 Dungeon Crawl Stone Soup version 0.22.1-5-g62c59d9 (webtiles) character file.

266 Gingerlord the Skirmisher (level 6, -8/50 HPs)
             Began as a Human Wanderer on Jan 8, 2019.
             Was an Initiate of Yredelemnul.
             Killed from afar by an orc wizard (9 damage)
             ... with a puff of frost
             ... on level 4 of the Dungeon.
             The game lasted 00:06:44 (3431 turns).

Gingerlord the Skirmisher (Human Wanderer)          Turns: 3431, Time: 00:06:44

Health: -8/50      AC:  5    Str: 13    XL:     6   Next: 44%
Magic:  6/6        EV: 12    Int: 13    God:    Yredelemnul [......]
Gold:   143        SH:  0    Dex: 13    Spells: 5/5 levels left

rFire    . . .     SeeInvis .   a - +2 falchion
rCold    . . .     Gourm    .   (no shield)
rNeg     . . .     Faith    .   m - +0 leather armour
rPois    .         Spirit   .   l - +0 helmet
rElec    .         Reflect  .   (no cloak)
rCorr    .         Harm     .   c - +0 pair of gloves (curse)
MR       .....                  (no boots)
Stlth    ++........             (no amulet)
HPRegen  0.16/turn              (no ring)
MPRegen  0.10/turn              (no ring)

@: lethally poisoned (-8 -> -8)
A: no striking features
a: Renounce Religion


You were on level 4 of the Dungeon.
You worshipped Yredelemnul.
Yredelemnul was noncommittal.
You were not hungry.

You visited 1 branch of the dungeon, and saw 4 of its levels.

You collected 143 gold pieces.

Inventory:

Hand Weapons
 a - a +2 falchion (weapon)
 e - a +0 dagger
Armour
 c - a cursed +0 pair of gloves (worn)
 l - a +0 helmet (worn)
 m - a +0 leather armour (worn)
Scrolls
 b - 2 scrolls of remove curse {unknown}
 g - 2 scrolls of identify {unknown}
 i - a scroll of fear {unknown}
 j - 2 scrolls of teleportation {unknown}
 k - a scroll of fog {unknown}
 n - a scroll of enchant armour {unknown}
 o - a scroll of immolation {unknown}
 p - a scroll of magic mapping {unknown}
 r - a scroll of amnesia {unknown}
Comestibles
 f - 4 rations


   Skills:
 + Level 4.8 Fighting
 + Level 3.4 Long Blades
   Level 1.0 Polearms
 - Level 1.0 Throwing
 + Level 2.4 Armour
 + Level 2.4 Dodging
 - Level 3.0 Stealth


You had 5 spell levels left.
You didn't know any spells.
Your spell library was empty.

Dungeon Overview and Level Annotations

Branches:
Dungeon (4/15)
 Temple: D:4-7

Altars:
Elyvilon
Nemelex Xobeh
Sif Muna
Uskayaw
Yredelemnul

Annotations:
D:4 Menkaure


Message History

You closely miss the iguana.
The iguana is severely wounded.
You feel sick. The iguana bites you!
* * * LOW HITPOINT WARNING * * *
The iguana misses you.
You riposte.
You hit the iguana but do no damage.
The iguana is severely wounded.
You aren't carrying any potions.
* * * LOW HITPOINT WARNING * * *
You feel sick.
* * * LOW HITPOINT WARNING * * *
You feel sick.
The orc wizard looks satisfied for a moment.
An orc comes into view. It is wielding a dagger.
The orc shouts! x3
* * * LOW HITPOINT WARNING * * *
You feel sick.
The orc wizard gestures at you while chanting.
The puff of frost hits you!
You die...
Your body rises from the dead as a mindless zombie.

+####...######.#
...##.### #.# ......#
#.# ...#.l# #.#
'###...## #.#
..###.#.######.####.#
.§##................#
..###.#..##....######
.§##............@.#
_.###....##.#####.#
.§# ###.###.#####.##
### #.<.......l..#
A## #.###.#####ooo#
### #.....#


oo...... #..##.# ........ #..##.# #......... #..##.# ##...#.... You could see an
orc wizard and 3 orcs.

Vanquished Creatures
  A howler monkey (D:4)
  3 worker ants
  6 adders
  2 oozes
  An adder skeleton (D:4)
  3 worms
  A dart slug (D:4)
  A leopard gecko (D:1)
  3 orcs
  7 bats
  3 giant cockroaches
  16 goblins
  8 hobgoblins
  3 jackals (D:2)
  2 quokkas
  A ball python (D:1)
  3 frilled lizards (D:2)
  6 kobolds
  5 rats
75 creatures vanquished.

Notes
Turn   | Place    | Note
-------+----------+-------------------------------------------
     0 | D:1      | Gingerlord the Human Wanderer began the quest for the Orb.
     0 | D:1      | Gingerlord set off with: a +2 falchion, a potion of
                  | lignification, a potion of curing, a +0 robe, a +0 dagger,
                  | a ration
     0 | D:1      | Reached XP level 1. HP: 19/19 MP: 1/1
    50 | D:1      | Reached XP level 2. HP: 23/25 MP: 2/2
   371 | D:1      | Reached XP level 3. HP: 27/30 MP: 3/3
   514 | D:2      | Reached skill level 1 in Armour
   518 | D:2      | Reached skill level 1 in Dodging
   816 | D:2      | Reached XP level 4. HP: 26/37 MP: 4/4
  1130 | D:2      | Found a white marble altar of Elyvilon.
  1130 | D:2      | Found a hide-covered altar of Uskayaw.
  1199 | D:3      | Found a deep blue altar of Sif Muna.
  1689 | D:3      | Reached XP level 5. HP: 39/43 MP: 5/5
  2485 | D:2      | Found a sparkling altar of Nemelex Xobeh.
  2860 | D:4      | Found a basalt altar of Yredelemnul.
  2860 | D:4      | Noticed a profane servitor
  2864 | D:4      | Became a worshipper of Yredelemnul the Dark
  2985 | D:4      | Reached XP level 6. HP: 28/49 MP: 6/6
  2994 | D:4      | Noticed Menkaure
  3424 | D:4      | HP: 2/50 [poisoned by a worker ant]
  3431 | D:4      | HP: 1/50 [poisoned by a worker ant]
  3431 | D:4      | Killed from afar by an orc wizard

Skill      XL: |  1  2  3  4  5 |
---------------+----------------+-----
Armour         | 1 2 |  2.4
Dodging        | 1 2 |  2.4
Stealth        | 3 |  3.0
Long Blades    | 3 |  3.4
Fighting       | |  4.8
Polearms       | |  1.0
Throwing       | |  1.0

Action                   |  1- 3 |  4- 6 || total
-------------------------+-------+-------++-------
Melee: Falchion          |    74 |   204 ||   278
  Use: Potion            |     1 |     5 ||     6
 Stab: Sleeping          |     5 |     9 ||    14
  Eat: Chunk             |       |     6 ||     6
       Ration            |       |     1 ||     1
Armor: Robe              |    13 |    12 ||    25
       Skin              |       |     8 ||     8
       Leather armour    |       |    37 ||    37
Dodge: Dodged            |    44 |   120 ||   164
       Rpst.: Falchion   |    10 |    37 ||    47
